 Dungeon Crawl Stone Soup version 0.31-a0-234-gad7ace16ef (webtiles) character file.

Game seed: 12749088897806897923

209 qw the Shooter (level 5, -6/45 HPs)
             Began as a Minotaur Hexslinger on July 9, 2023.
             Mangled by a gnoll
             ... wielding a +0 halberd
             ... led by a gnoll bouda
              (9 damage)
             ... on level 4 of the Dungeon.
             The game lasted 00:00:51 (2411 turns).

qw the Shooter (Minotaur Hexslinger)                Turns: 2411, Time: 00:00:52

Health: -6/45      AC: 11    Str: 13    XL:     5   Next: 55%
Magic:  5/5        EV: 11    Int: 10    God:
Gold:   260        SH:  0    Dex: 14    Spells: 5/6 levels left

rFire   . . .        Y - +2 sling (freeze)
rCold   . . .        (no shield)
rNeg    . . .        l - +0 ring mail
rPois   .            (helmet restricted)
rElec   .            b - +0 cloak
rCorr   .            c - +0 pair of gloves
SInv    .            (no boots)
Will    .....        (no amulet)
Stlth   +            a - +4 ring of protection
HPRegen 0.27/turn    (no ring)
MPRegen 0.09/turn

%: no passive effects
@: no status effects
A: horns 2, retaliatory headbutt
a: no special abilities


You were on level 4 of the Dungeon.
You visited 1 branch of the dungeon, and saw 4 of its levels.

You collected 260 gold pieces.


Innate Abilities, Weirdness & Mutations

You have a pair of horns on your head.
You reflexively headbutt those who attack you in melee.


   Skills:
 - Level 3.4 Fighting
 + Level 5.5 Ranged Weapons
 - Level 1.1 Armour
 - Level 2.1 Dodging
 - Level 1.0 Spellcasting
 - Level 2.0 Hexes


You had 5 spell levels left.
You knew the following spells:

 Your Spells              Type           Power      Damage    Failure   Level
a - Slow                  Hex            16%        N/A       32%         1

Your spell library contained the following spells:

 Spells                   Type           Power      Damage    Failure   Level
 Inner Flame              Hex/Fire       2%         N/A       82%         3
 Portal Projectile        Hex/Tloc       4%         N/A       82%         3
 Cause Fear               Hex            2%         N/A       97%         4

Inventory:

Hand Weapons
 Y - a +2 sling of freezing (weapon)
Armour
 b - a +0 cloak (worn)
 c - a +0 pair of gloves (worn)
 l - a +0 ring mail (worn)
Jewellery
 a - a +4 ring of protection (left hand)
Potions
 d - a potion of brilliance {unknown}
 e - a potion of haste {unknown}
 f - 3 potions of enlightenment
 g - a potion of might {unknown}
 h - a potion of mutation {unknown}
 i - a potion of heal wounds {unknown}
 j - a potion of ambrosia {unknown}
 k - a potion of invisibility {unknown}

Dungeon Overview and Level Annotations

Branches:
Dungeon (4/15)
 Temple: D:4-7

Altars:

Shops:
D:3 =


Message History

Your Fighting skill increases to level 3!
2400 ||| Stepping ~*~*~tactically~*~*~ (outnumbered).
You shoot a sling bullet.
The sling bullet closely misses the gnoll.
Your attacks no longer feel as feeble.
2402 ||| Stepping ~*~*~tactically~*~*~ (outnumbered).
You shoot a sling bullet.
The sling bullet closely misses the kobold.
The kobold throws a stone.
The stone barely misses you.
You shoot a sling bullet.
The sling bullet barely misses the kobold.
The kobold hits you but does no damage.
You shoot a sling bullet. The sling bullet hits the kobold.
The sling bullet freezes the kobold.
You kill the kobold!
The gnoll barely misses you.
The gnoll hits you from afar with a +0 halberd!
You shoot a sling bullet. The sling bullet hits the gnoll.
The sling bullet freezes the gnoll.
The gnoll is heavily wounded.
The gnoll barely misses you.
You shoot a sling bullet. The sling bullet hits the gnoll.
The sling bullet freezes the gnoll.
The gnoll is severely wounded.
The gnoll hits you from afar with a +0 halberd!
You shoot a sling bullet. The sling bullet hits the gnoll!
The sling bullet freezes the gnoll.
You kill the gnoll!
The gnoll hits you from afar with a +0 halberd.
You shoot a sling bullet. The sling bullet hits the gnoll.
The sling bullet freezes the gnoll.
The gnoll is heavily wounded.
The gnoll hits you from afar with a +0 halberd.
You shoot a sling bullet.
The sling bullet closely misses the gnoll.
The gnoll hits you from afar with a +0 halberd.
You shoot a sling bullet.
The sling bullet barely misses the gnoll.
The gnoll hits you from afar with a +0 halberd!
You die...

........####.......#####.......#
..[###..##.#+#...#+#.#...........
#### ##.##...#####...##.........#
.'......#......'.........+
##......#......##.......##
.......#.......#.......#
.....g)g.......####+####
......)#)......# #...Kgg#@.....##
'.....g#......+ ##...#####...##
#.#' #+#.# ### ##


You could see a gnoll.

Vanquished Creatures
  A scorpion (D:3)
  A gnoll bouda (D:4)
  Robin (D:3)
  3 gnolls (D:4)
  An adder (D:2)
  An ufetubus (D:4)
  2 worms (D:2)
  An orc (D:3)
  4 bats
  An endoplasm (D:2)
  A giant cockroach (D:2)
  10 hobgoblins
  3 jackals (D:2)
  2 quokkas (D:1)
  7 ball pythons
  12 goblins
  7 kobolds
  4 rats
62 creatures vanquished.

Notes
Turn   | Place    | Note
-------+----------+-------------------------------------------
     0 | D:1      | qw the Minotaur Hexslinger began the quest for the Orb.
     0 | D:1      | Reached XP level 1. HP: 16/16 MP: 1/1
     0 | D:1      | 0 ||| qw: Version: 0.3-a-51-g015441d
     0 | D:1      | 0 ||| qw: Game counter: 4131
     0 | D:1      | 0 ||| qw: Melee chars always use a shield: true
     0 | D:1      | 0 ||| qw: God list: Okawaru
     0 | D:1      | 0 ||| qw: Allow faded altars: false
     0 | D:1      | 0 ||| qw: Do Orc after clearing Dungeon:15 true
     0 | D:1      | 0 ||| qw: Do second Lair branch before Depths: true
     0 | D:1      | 0 ||| qw: Lair rune preference: random
     0 | D:1      | 0 ||| qw: Goals: Normal
     0 | D:1      | 0 ||| PLANNING D:1-11
   245 | D:1      | Reached skill level 3 in Ranged Weapons
   245 | D:1      | Reached XP level 2. HP: 23/23 MP: 2/2
   558 | D:1      | 558 ||| READING scroll labelled ZEL IRCHIXYA.
   559 | D:1      | 559 ||| READING scroll labelled OCKOSE KIRU.
   560 | D:1      | 560 ||| DROPPING scroll of poison.
   895 | D:2      | Reached XP level 3. HP: 29/29 MP: 3/3
  1051 | D:2      | Reached skill level 4 in Ranged Weapons
  1440 | D:2      | 1440 ||| UPGRADING to +0 ring mail.
  1450 | D:2      | 1450 ||| DROPPING +0 robe.
  1451 | D:2      | 1451 ||| READING scroll labelled DUOTOE WON POETOR.
  1452 | D:2      | 1452 ||| READING scroll labelled MUNOEHIECA.
  1453 | D:2      | 1453 ||| READING scroll labelled RAORAEN DAAJ.
  1637 | D:3      | Found Goufyism's Jewellery Shoppe.
  1659 | D:3      | 1659 ||| SHOPLISTING +6 ring of strength (432 gold, have
                  | 191).
  1659 | D:3      | 1659 ||| SHOPLISTING amulet of Qyraty {Reflect Slay+3 SH+5}
                  | (595 gold, have 191).
  1659 | D:3      | 1659 ||| SHOPLISTING ring of poison resistance (240 gold,
                  | have 191).
  1659 | D:3      | 1659 ||| SHOPLISTING ring of willpower (300 gold, have
                  | 191).
  1681 | D:3      | Noticed Robin
  1682 | D:3      | 1682 ||| Stepping ~*~*~tactically~*~*~ (outnumbered).
  1685 | D:3      | 1685 ||| Stepping ~*~*~tactically~*~*~ (outnumbered).
  1690 | D:3      | Reached skill level 1 in Armour
  1694 | D:3      | Reached XP level 4. HP: 27/36 MP: 4/4
  1706 | D:3      | Killed Robin
  2130 | D:3      | Found a faded altar of an unknown god.
  2292 | D:3      | Noticed a scorpion
  2296 | D:3      | Killed a scorpion
  2297 | D:3      | Reached skill level 5 in Ranged Weapons
  2297 | D:3      | Reached XP level 5. HP: 41/41 MP: 5/5
  2299 | D:3      | 2299 ||| UPGRADING to +0 cloak.
  2304 | D:3      | 2304 ||| UPGRADING to +0 pair of gloves.
  2309 | D:3      | 2309 ||| UPGRADING to +4 ring of protection.
  2310 | D:3      | 2310 ||| READING scroll labelled COZUZXE KAGA.
  2314 | D:3      | 2314 ||| DRINKING 4 white potions.
  2400 | D:4      | Reached skill level 3 in Fighting
  2400 | D:4      | 2400 ||| Stepping ~*~*~tactically~*~*~ (outnumbered).
  2402 | D:4      | 2402 ||| Stepping ~*~*~tactically~*~*~ (outnumbered).
  2407 | D:4      | HP: 11/45 [gnoll/+0 halberd[a gnoll bouda] (10)]
  2409 | D:4      | HP: 4/45 [gnoll/+0 halberd[a gnoll bouda] (4)]
  2411 | D:4      | Mangled by a gnoll

Levels and vault maps discovered:
D:1:      minmay_arrival_plants_in_alcoves, layout_basic, minmay_misc_feat_chi
D:2:      layout_basic
D:3:      layout_basic, serial_shops, nicolae_shop_tiny_waterfront,
          dreamdust_ecumenical_altar_hidden_monk_grotto, uniq_robin
D:4:      nicolae_cairo_tiling_very_big, layout_basic, serial_curves,
          eino_curves_04, eino_curves_04, eino_curves_03, eino_curves_01

Skill      XL: |  1  2  3  4  5 |
---------------+----------------+-----
Ranged Weapons | 3 4 5 |  5.5
Fighting       | 2 3 |  3.4
Armour         | 1 |  1.1
Dodging        | |  2.1
Spellcasting   | |  1.0
Hexes          | |  2.0

Action                     |  1- 3 |  4- 6 || total
---------------------------+-------+-------++-------
   Fire: Sling             |   134 |    49 ||   183
    Use: Scroll            |     5 |     1 ||     6
         Potion            |       |     1 ||     1
 Armour: Robe              |     7 |       ||     7
         Ring mail         |     3 |    11 ||    14
  Dodge: Dodged            |    36 |    19 ||    55

Table legend:
 A = Non-vault XP
 B = Vault XP
 C = Vault XP percentage of total XP
 D = Non-vault monster count
 E = Vault monster count
 F = Vault count percentage of total count
                 A         B        C        D         E       F
            +---------+---------+-------+---------+---------+-------
      Total |     265 |      34 |  11.4 |      50 |      12 |  19.4
            +---------+---------+-------+---------+---------+-------
        D:1 |      18 |       0 |   0.0 |      11 |       0 |   0.0
        D:2 |      58 |       0 |   0.0 |      23 |       0 |   0.0
        D:3 |      92 |      34 |  27.0 |       7 |      12 |  63.2
        D:4 |      97 |       0 |   0.0 |       9 |       0 |   0.0
            +---------+---------+-------+---------+---------+-------
